 Dungeon Crawl Stone Soup version 0.21.1-1-g345015f (webtiles) character file.

5726 lotte the Cleaver (level 10, -8/95 HPs)
             Began as a Minotaur Fighter on June 23, 2018.
             Was an Initiate of Trog.
             Mangled by a troll (10 damage)
             ... on level 8 of the Dungeon on June 24, 2018.
             The game lasted 02:11:28 (12608 turns).

lotte the Cleaver (Minotaur Fighter)               Turns: 12608, Time: 02:11:28

Health: -8/95      AC: 14    Str: 24    XL:     10   Next: 48%
Magic:  9/9        EV:  6    Int:  5    God:    Trog [......]
Gold:   257        SH:  9    Dex: 10    Spells: 9/9 levels left

rFire    + . .     SeeInvis .   n - +0 war axe
rCold    x . .     Gourm    .   c - +0 shield
rNeg     . . .     Faith    .   q - +3 chain mail
rPois    .         Spirit   .   d - +0 hat
rElec    .         Reflect  .   y - scarf {repulsion}
rCorr    .         Harm     .   (no gloves)
MR       .....                  (no boots)
Stlth    ..........             (no amulet)
HPRegen  0.25/turn              p - ring of loudness (curse)
MPRegen  0.11/turn              z - ring of fire (curse)

@: repel missiles
A: retaliatory headbutt, horns 2
a: Burn Spellbooks, Renounce Religion


You were on level 8 of the Dungeon.
You worshipped Trog.
Trog was noncommittal.
You were not hungry.

You visited 2 branches of the dungeon, and saw 10 of its levels.

You collected 283 gold pieces.
You donated 26 gold pieces to Zin.

Inventory:

Hand Weapons
 a - a +0 war axe
 e - a +1 short sword of protection
 i - a +0 hand axe of distortion
 n - a +0 war axe (weapon)
 w - a +1 halberd of protection
 D - a +0 morningstar of protection
 E - a +0 dagger of distortion
 G - a cursed -3 hunting sling
 K - a +0 shortbow
Armour
 c - a +0 shield (worn)
 d - a +0 hat (worn)
 l - a +0 chain mail
 q - a +3 chain mail (worn)
 u - a +0 plate armour
 y - a scarf of repulsion (worn)
 B - a +0 cloak
 I - a +0 large shield
Jewellery
 p - a cursed ring of loudness (left hand)
 z - a cursed ring of fire (right hand)
Wands
 o - a wand of disintegration (19)
 A - a wand of paralysis (30)
 H - a wand of scattershot (7)
 M - a wand of digging (8)
Scrolls
 b - a scroll of enchant weapon {unknown}
 f - a scroll of immolation
 g - 3 scrolls of teleportation
 k - 9 scrolls of identify {unknown}
 r - a scroll of enchant armour {unknown}
 s - 2 scrolls of amnesia {unknown}
 v - a scroll of blinking {unknown}
 x - 2 scrolls of remove curse {unknown}
 C - a scroll of fog {unknown}
 L - a scroll of holy word {unknown}
Potions
 h - a potion of haste
 j - a potion of degeneration
 m - a potion of heal wounds {unknown}
 J - 2 potions of magic {unknown}
Comestibles
 t - 9 rations


   Skills:
 * Level 11.1 Fighting
 + Level 11.9 Axes
 + Level 10.6 Armour
 - Level 0.2 Stealth
 - Level 3.6 Shields


You had 9 spell levels left.
You didn't know any spells.

Dungeon Overview and Level Annotations

Branches:
Dungeon (9/15)             Temple (1/1) D:5
   Lair: D:8-11         Orc: D:9-12

Altars:
Ashenzari
Cheibriados
Dithmenos
Elyvilon
Fedhas
Hepliaklqana
Kikubaaqudgha
Makhleb
Nemelex Xobeh
Okawaru
Qazlal
Ru
Sif Muna
Trog
Uskayaw
Vehumet
Wu Jian
Xom
Yredelemnul
Zin
The Shining One

Shops:
D:7 =*=*[

Annotations:
D:9 HedoNNN's ghost, journeyman HOFi


Innate Abilities, Weirdness & Mutations

You reflexively headbutt those who attack you in melee.
You have a pair of horns on your head.


Message History

The troll bites you!
* * * LOW HITPOINT WARNING * * *
You block the troll's attack. The troll claws you.
* * * LOW HITPOINT WARNING * * *
HedoNNN's ghost hits you but does no damage.
You climb upwards.
There is a stone staircase leading down here.
You feel better. The troll bites you!
* * * LOW HITPOINT WARNING * * *
The troll claws you but does no damage. x2
You hit the troll. Your headbutt misses the troll.
The troll is lightly wounded.
The troll bites you!
* * * LOW HITPOINT WARNING * * *
You block the troll's attack. The troll claws you!
* * * LOW HITPOINT WARNING * * *
You closely miss the troll.
The troll is lightly wounded.
The troll bites you!
You die...

....# #..... #.#.#
#####>.##. #.#.#
#......... #.#)#
### #.###..###
#.#.######.## #.#
#..# ............#
#.# #..###
##.###.###.##
#.###.....
#.###.###.########
#.....####
#.............T@.#
#####.# #
#..##.###.######.#
#.# # ##..##.# #.#
#.# ####.# #
....##<# #.# #.#
#....# # ##.###.#
#.# #.# #.##.# #
#.# #.# #.# #.#
#.##.# # ##.###.#
#.# #.#
###.##.####
#...##.###.#
#.#####..........
....##.....#
#....#...........


You could see a troll.

Vanquished Creatures
  Gastronok (D:8)
  A manticore (D:8)
  The ghost of RottenKnight the Caller, an amateur MfSu (D:4)
  Sigmund (D:4)
  A hungry ghost (D:7)
  2 water moccasins
  Duvessa (D:5)
  2 ice beasts
  2 orc warriors (D:7)
  A black bear (D:7)
  6 ogres
  6 centaurs
  5 bullfrogs
  Dowan (D:5)
  A wyvern skeleton (D:6)
  A scorpion (D:7)
  3 howler monkeys (D:7)
  4 crimson imps
  A quasit (D:5)
  A bullfrog skeleton (D:7)
  3 orc priests (D:7)
  4 hounds
  5 orc wizards
  A centaur skeleton (D:8)
  Jessica (D:3)
  Natasha (thrice) (D:2)
  An iguana (D:7)
  3 worker ants
  A hound skeleton (D:4)
  A hound zombie (D:9)
  2 worker ant zombies
  3 gnolls (D:7)
  8 adders
  2 shadow imps
  2 oozes
  An adder skeleton (D:6)
  4 worms
  A dart slug (D:1)
  3 leopard geckos
  14 orcs
  2 ball pythons (D:2)
  8 giant cockroaches
  7 hobgoblins
  8 jackals
  6 quokkas
  4 bats
  6 frilled lizards
  14 goblins
  8 kobolds
  2 leopard gecko skeletons
  2 leopard gecko zombies
  A quokka zombie (D:6)
  10 rats
  4 plants (D:6)
  2 withered plants (D:6)
189 creatures vanquished.

Vanquished Creatures (others)
  An iguana (D:7)
  2 plants (D:6)
  3 withered plants (D:6)
6 creatures vanquished.

Grand Total: 195 creatures vanquished

Notes
Turn   | Place    | Note
-------+----------+-------------------------------------------
     0 | D:1      | lotte the Minotaur Fighter began the quest for the Orb.
     0 | D:1      | Reached XP level 1. HP: 19/19 MP: 0/0
   181 | D:1      | Reached XP level 2. HP: 24/27 MP: 1/1
  1191 | D:1      | Reached XP level 3. HP: 33/33 MP: 2/2
  1762 | D:2      | Noticed Natasha
  1782 | D:2      | Killed Natasha
  1956 | D:2      | Noticed Natasha
  1963 | D:2      | Killed Natasha
  1963 | D:2      | Reached XP level 4. HP: 41/41 MP: 3/3
  2012 | D:2      | Noticed Natasha
  2033 | D:2      | Killed Natasha
  2804 | D:3      | Reached XP level 5. HP: 38/47 MP: 4/4
  2913 | D:3      | Found a hazy altar of Hepliaklqana.
  2995 | D:3      | Reached skill level 5 in Axes
  3169 | D:3      | Noticed Jessica
  3176 | D:3      | Killed Jessica
  3176 | D:3      | Reached skill level 5 in Fighting
  3277 | D:3      | Reached skill level 5 in Armour
  4144 | D:4      | Reached XP level 6. HP: 48/56 MP: 5/5
  4399 | D:4      | Noticed RottenKnight's ghost (amateur MfSu)
  4423 | D:4      | Killed RottenKnight's ghost
  4423 | D:4      | Reached XP level 7. HP: 60/62 MP: 6/6
  4448 | D:4      | Noticed Sigmund
  4485 | D:4      | Killed Sigmund
  5004 | D:5      | Entered Level 5 of the Dungeon
  5068 | D:5      | Noticed Duvessa
  5069 | D:5      | Noticed Dowan
  5083 | D:5      | Killed Duvessa
  5094 | D:5      | Killed Dowan
  5451 | D:5      | Found a shimmering altar of Xom.
  5542 | D:5      | Reached XP level 8. HP: 71/71 MP: 7/7
  5650 | D:5      | Found a staircase to the Ecumenical Temple.
  6762 | Temple   | Entered the Ecumenical Temple
  7013 | Temple   | Paralysed by fainting for 12 turns
  7091 | Temple   | Paralysed by fainting for 11 turns
  7104 | Temple   | Became a worshipper of Zin the Law-Giver
  7184 | D:5      | You fall through a shaft!
  7204 | D:6      | Reached * piety under Zin
  8076 | D:6      | Found a shattered altar of Ashenzari.
  8269 | D:6      | Found a blossoming altar of Fedhas.
  8271 | D:6      | Found an ancient bone altar of Kikubaaqudgha.
  8736 | D:7      | Found Leorid's Assorted Antiques.
  8779 | D:7      | Reached XP level 9. HP: 53/81 MP: 8/8
  8856 | D:7      | Found Teargh Ropra's Antique Armour Emporium.
  9062 | D:7      | Found Sebbiex's Jewellery Shoppe.
  9613 | D:7      | Reached skill level 10 in Axes
 10236 | D:7      | Found Riduas's Assorted Antiques.
 10345 | D:7      | Found Atowef's Jewellery Shop.
 10439 | D:7      | Paralysed by fainting for 6 turns
 10454 | D:7      | Paralysed by fainting for 7 turns
 10486 | D:7      | Reached ** piety under Zin
 11247 | D:8      | Noticed Gastronok
 11336 | D:8      | Killed Gastronok
 11336 | D:8      | Reached skill level 10 in Fighting
 11336 | D:8      | Reached skill level 10 in Armour
 11336 | D:8      | Reached XP level 10. HP: 81/94 MP: 9/9
 11429 | D:8      | Noticed a manticore
 11438 | D:8      | Killed a manticore
 11651 | D:8      | Found a burning altar of Makhleb.
 11677 | D:8      | Found a bloodstained altar of Trog.
 11713 | D:8      | Fell from the grace of Zin
 11713 | D:8      | Became a worshipper of Trog the Wrathful
 12112 | D:8      | Found a sacrificial altar of Ru.
 12242 | D:9      | Noticed HedoNNN's ghost (journeyman HOFi)
 12607 | D:8      | HP: 2/95 [troll (7)]
 12608 | D:8      | Mangled by a troll

Skill      XL: |  1  2  3  4  5  6  7  8  9 10 |
---------------+-------------------------------+-----
Fighting       | 4 5 6 8 10 11 | 11.1
Armour         | 4 5 6 8 10 | 10.6
Axes           | 3 4 5 6 7 9 11 | 11.9
Stealth        | |  0.2
Shields        | |  3.6

Action                   |  1- 3 |  4- 6 |  7- 9 | 10-12 || total
-------------------------+-------+-------+-------+-------++-------
Melee: War axe           |    75 |   125 |   280 |    64 ||   544
       Headbutt          |    14 |    19 |    72 |    14 ||   119
       Hand axe          |       |       |    80 |       ||    80
  Use: Potion            |       |       |     6 |     1 ||     7
       Scroll            |       |       |     2 |     2 ||     4
  Eat: Ration            |     1 |     2 |     6 |     1 ||    10
       Chunk             |       |       |     6 |     1 ||     7
Armor: Scale mail        |    32 |    27 |       |       ||    59
       Plate armour      |       |    15 |   120 |       ||   135
       Chain mail        |       |       |    37 |    39 ||    76
Dodge: Dodged            |    15 |    25 |    57 |    16 ||   113
       Deflected         |       |       |       |     4 ||     4
Block: Shield            |    24 |    55 |   151 |    42 ||   272
